 Dungeon Crawl Stone Soup version 0.31-a0-662-g684573625c (webtiles) character file.

Game seed: 1862306495068276006

3476538 RepHenryClay the Invulnerable (level 27, 273/273 HPs)
             Began as a Minotaur Cinder Acolyte on Aug 29, 2023.
             Was the Champion of the Shining One.
             Escaped with the Orb
             ... and 6 runes on Sept 2, 2023!
             The game lasted 03:45:46 (92286 turns).

RepHenryClay the Invulnerable (MiCA)               Turns: 92286, Time: 03:45:47

Health: 273/273    AC: 50    Str: 29    XL:     27
Magic:  26/26      EV: 32    Int: 14    God:    the Shining One [******]
Gold:   1726       SH: 20    Dex: 22    Spells: 24/28 levels left

rFire   + + +        a - +8 trishula "Condemnation" {holy, anguish, *Noise Fly rN+}
rCold   + + +        E - +2 shield of Resistance {rF++ rC++ Will++}
rNeg    + + +        j - +9 scales of the Dragon King {rPois rF+ rC+ Will+}
rPois   +            (helmet unavailable)
rElec   +            c - +1 cloak of Starlight {*Dazzle EV+4 Stlth--}
rCorr   +            Z - +2 pair of gloves of the Ant {rF+}
SInv    +            D - +3 pair of seven-league boots {Rampage+∞}
Will    +++++        Q - macabre finger necklace {Finger+ rN+} Stlth
                     J - ring of Grontol {+Blink rElec Str+6 SInv Stlth-}
HPRegen 0.65/turn    b - ring of the Ten Artists {+Blink rCorr Int+3 Dex+6 Stlth+}
MPRegen 0.20/turn    P - +5 ring of evasion

%: rampage+∞
@: flying, glowing, studying 2 skills
A: horns 3, retaliatory headbutt, iridescent scales 1, low MP 1, wild magic 1
0: Orb of Zot
}: 6/15 runes: barnacled, slimy, silver, abyssal, demonic, gossamer
a: Renounce Religion, Evoke Blink, Divine Shield, Cleansing Flame, Summon Divine
Warrior, Brand Weapon With Holy Wrath


You escaped.
You worshipped the Shining One.
The Shining One was exalted by your worship.
You visited 13 branches of the dungeon, and saw 57 of its levels.
You visited Pandemonium 1 time, and saw 6 of its levels.
You visited the Abyss 3 times.
You visited 1 bazaar.
You also visited: Trove, Sewer and Ossuary.

You collected 31888 gold pieces.
You spent 11561 gold pieces at shops.
You paid 18601 gold pieces to Gozag.

Inventory:

Hand Weapons
 a - the +8 trishula "Condemnation" (weapon) {holy, anguish, *Noise Fly rN+}
   (You bought it in a shop on level 2 of the Orcish Mines)

   rN+:       It protects you from negative energy.
   Fly:       It grants you flight.
   *Noise:    It may make a loud noise when swung.
 o - the +9 morningstar of an ice cave {flame, rC++ SInv}
   (You bought it in a shop on level 1 of the Elven Halls)

   rC++:      It greatly protects you from cold.
   SInv:      It lets you see invisible.
Missiles
 l - 6 darts of dispersal
 m - 6 throwing nets
 G - 5 silver javelins (quivered)
 X - 10 javelins
Armour
 c - the +1 cloak of Starlight (worn) {*Dazzle EV+4 Stlth--}
   (You found it on level 3 of the Elven Halls)

   *Dazzle:   It may blind those who miss an attack against the wearer in melee
   combat.
   EV+4:      It affects your evasion (+4).
   Stlth--:   It makes you much less stealthy.
 j - the +9 scales of the Dragon King (worn) {rPois rF+ rC+ Will+}
   (You bought it in a shop on level 4 of the Dungeon)

   rF+:       It protects you from fire.
   rC+:       It protects you from cold.
   rPois:     It protects you from poison Will+: It increases your willpower.
 q - the +1 cloak of the Imp {rElec}
   (You found it on level 1 of the Depths)

   rElec:     It insulates you from electricity.
 C - the +7 chain mail of the Chupacabra {Dex+4 Slay+2}
   (You bought it in a shop on level 1 of the Elven Halls)

   Dex+4:     It affects your dexterity (+4).
   Slay+2:    It affects your accuracy & damage with ranged weapons and melee
   (+2).
 D - the +3 pair of seven-league boots (worn) {Rampage+∞}
   (You bought it in a shop on level 2 of the Depths)

   Rampage+∞: When moving toward enemies, its wearer moves as far as possible,
   alerting their target en route.
 E - the +2 shield of Resistance (worn) {rF++ rC++ Will++}
   (You bought it in a shop in a bazaar)

   rF++:      It greatly protects you from fire.
   rC++:      It greatly protects you from cold.
   Will++:    It greatly increases your willpower.
 K - a +2 hat of stealth
 W - the +1 pair of gloves of Experimentation {rElec}
   (You acquired it on level 3 of the Depths)

   rElec:     It insulates you from electricity.
 Z - the +2 pair of gloves of the Ant (worn) {rF+}
   (You found it on level 5 of the Pits of Slime)

   rF+:       It protects you from fire.
Jewellery
 b - the ring of the Ten Artists (right hand) {+Blink rCorr Int+3 Dex+6 Stlth+}
   (You bought it in a shop on level 1 of the Elven Halls)

   [ring of dexterity]

   Int+3:     It affects your intelligence (+3).
   Dex+6:     It affects your dexterity (+6).
   +Blink:    It lets you blink.
   rCorr:     It protects you from acid and corrosion.
   Stlth+:    It makes you more stealthy.
 t - the ring "Agus" {rF+ Will+ Dex+2}
   (You found it on level 4 of the Abyss)

   [ring of protection from fire]

   Dex+2:     It affects your dexterity (+2).
   rF+:       It protects you from fire.
   Will+:     It increases your willpower.
 y - an amulet of reflection
 A - the ring of Pem Juur {rF+ rCorr}
   (You took it off a deep elf annihilator on level 2 of the Depths)

   [ring of protection from fire]

   rF+:       It protects you from fire.
   rCorr:     It protects you from acid and corrosion.
 B - the ring "Nyimp" {rC+ rCorr Str-3 Stlth+}
   (You found it on level 5 of the Pits of Slime)

   [ring of resist corrosion]

   Str-3:     It affects your strength (-3).
   rC+:       It protects you from cold.
   rCorr:     It protects you from acid and corrosion.
   Stlth+:    It makes you more stealthy.
 F - an amulet of regeneration
 I - the ring "Goacapla" {Will+ Dex+5}
   (You found it on level 5 of the Pits of Slime)

   [ring of willpower]

   Dex+5:     It affects your dexterity (+5).
   Will+:     It increases your willpower.
 J - the ring of Grontol (left hand) {+Blink rElec Str+6 SInv Stlth-}
   (You took it off a vault guard on level 5 of the Vaults)

   [ring of strength]

   Str+6:     It affects your strength (+6).
   rElec:     It insulates you from electricity.
   SInv:      It lets you see invisible.
   +Blink:    It lets you blink.
   Stlth-:    It makes you less stealthy.
 N - the ring of Udyicw Wuim {rF+ rCorr Stlth+}
   (You bought it in a shop on level 4 of the Dungeon)

   [ring of protection from fire]

   rF+:       It protects you from fire.
   rCorr:     It protects you from acid and corrosion.
   Stlth+:    It makes you more stealthy.
 P - a +5 ring of evasion (on amulet)
 Q - the macabre finger necklace (around neck) {Finger+ rN+}
   (You bought it in a shop on level 1 of the Elven Halls)

   [amulet of nothing]

   Finger+:   It enables you to equip an extra ring.
   rN+:       It protects you from negative energy.
Wands
 d - a wand of roots (45)
 n - a wand of paralysis (80)
 u - a wand of quicksilver (33)
 L - a wand of mindburst (33)
 V - a wand of digging (11)
Scrolls
 e - 12 scrolls of enchant armour
 f - 7 scrolls of poison
 i - 8 scrolls of fog
 k - 11 scrolls of teleportation
 w - 6 scrolls of summoning
 H - 12 scrolls of enchant weapon
 M - a scroll of brand weapon
 S - 5 scrolls of revelation
 T - 42 scrolls of identify {@r1}
 Y - 2 scrolls of blinking
Potions
 g - 43 potions of curing
 h - 3 potions of haste
 p - 9 potions of heal wounds
 r - 9 potions of enlightenment
 s - 2 potions of resistance
 v - 3 potions of mutation
 x - 2 potions of cancellation
 z - 6 potions of might
 O - 4 potions of invisibility
 R - 5 potions of ambrosia
 U - 4 potions of magic


   Skills:
 O Level 27 Fighting
 - Level 14.1 Maces & Flails
 + Level 19.5 Polearms
 - Level 19.7 Throwing
 O Level 27 Armour
 O Level 27 Dodging
 - Level 22.3 Shields
 - Level 1.0 Spellcasting
 - Level 7.0 Translocations
 - Level 2.1 Fire Magic
 - Level 10.0 Invocations
 - Level 18.0 Evocations


You had 24 spell levels left.
You knew the following spells:

 Your Spells              Type           Power      Damage    Failure   Level
a - Blink                 Tloc           52%        N/A       21%         2
b - Lesser Beckoning      Tloc           52%        N/A       21%         2

Your spell library contained the following spells:

 Spells                   Type           Power      Damage    Failure   Level
 Apportation              Tloc           52%        N/A       13%         1
 Gell's Gravitas          Tloc           26%        N/A       34%         3
 Teleport Other           Tloc           26%        N/A       34%         3
 Momentum Strike          Conj/Tloc      26%        3d8       58%         2
 Volatile Blastmotes      Fire/Tloc      34%        2d12      67%         3
 Manifold Assault         Tloc           26%        N/A       73%         4
 Passage of Golubria      Tloc           26%        N/A       73%         4
 Scorch                   Fire           16%        2d5       77%         2
 Foxfire                  Conj/Fire      16%        2x1d4     78%         1
 Freeze                   Ice            0%         1d3       89%         1
 Magic Dart               Conj           0%         1d3       89%         1
 Necrotise                Necr           0%         1d4       89%         1
 Shock                    Conj/Air       0%         1d3       89%         1
 Sting                    Tmut/Pois      0%         1d3       89%         1
 Summon Small Mammal      Summ           0%         N/A       89%         1
 Poisonous Vapours        Pois/Air       0%         N/A       96%         2
 Searing Ray              Conj           0%         2d4       96%         2
 Sublimation of Blood     Necr           0%         N/A       96%         2
 Wereblood                Tmut           0%         N/A       96%         2
 Inner Flame              Hex/Fire       4%         N/A       98%         3
 Call Canine Familiar     Summ           0%         N/A       99%         3
 Dazzling Flash           Conj/Hex       0%         N/A       99%         3
 Frozen Ramparts          Ice            0%         1d1       99%         3
 Hailstorm                Conj/Ice       0%         3d3       99%         3
 Ignite Poison            Fire/Tmut/Pois 3%         N/A       99%         3
 Mephitic Cloud           Conj/Pois/Air  0%         N/A       99%         3
 Ozocubu's Armour         Ice            0%         N/A       99%         3
 Summon Guardian Golem    Hex/Summ       0%         N/A       99%         3
 Swiftness                Air            0%         N/A       99%         3
 Vhi's Electric Charge    Tloc/Air       26%        N/A       99%         4
 Airstrike                Air            0%         2d(0-16)  100%        4
 Anguish                  Hex/Necr       0%         N/A       100%        4
 Animate Dead             Necr           0%         N/A       100%        4
 Cause Fear               Hex            0%         N/A       100%        4
 Dispel Undead            Necr           0%         3d6       100%        4
 Fulminant Prism          Conj/Hex       0%         3d5       100%        4
 Leda's Liquefaction      Hex/Erth       0%         N/A       100%        4
 Olgreb's Toxic Radiance  Pois           0%         N/A       100%        4
 Sticky Flame             Conj/Fire      4%         2d3       100%        4
 Summon Ice Beast         Ice/Summ       0%         N/A       100%        4
 Agony                    Necr           0%         N/A       100%        5
 Alistair's Intoxication  Tmut/Pois      0%         N/A       100%        5
 Borgnjor's Vile Clutch   Necr/Erth      0%         N/A       100%        5
 Freezing Cloud           Conj/Ice/Air   0%         6-21      100%        5
 Irradiate                Conj/Tmut      0%         3d11      100%        5
 Iskenderun's Battlesphe  Conj           0%         2d6       100%        5
 Lee's Rapid Deconstruct  Erth           0%         3d4*      100%        5
 Metabolic Englaciation   Hex/Ice        0%         N/A       100%        5
 Silence                  Hex/Air        0%         N/A       100%        5
 Summon Forest            Summ/Tloc      6%         N/A       100%        5
 Summon Mana Viper        Hex/Summ       0%         N/A       100%        5
 Yara's Violent Unravell  Hex/Tmut       0%         3d3       100%        5
 Conjure Ball Lightning   Conj/Air       0%         3x3d6     100%        6
 Dispersal                Tloc           13%        N/A       100%        6
 Eringya's Noxious Bog    Tmut/Pois      0%         4d6       100%        6
 Leda's Unmaking          Conj/Erth      0%         9d1       100%        6
 Plasma Beam              Fire/Air       2%         2x1d12    100%        6
 Simulacrum               Ice/Necr       0%         N/A       100%        6
 Starburst                Conj/Fire      2%         6d3       100%        6
 Summon Cactus Giant      Summ           0%         N/A       100%        6
 Enfeeble                 Hex            0%         N/A       100%        7
 Haunt                    Necr/Summ      0%         N/A       100%        7
 Monstrous Menagerie      Summ           0%         N/A       100%        7
 Ozocubu's Refrigeration  Ice            0%         4d7       100%        7
 Spellforged Servitor     Conj/Summ      0%         N/A       100%        7
 Summon Hydra             Summ           0%         N/A       100%        7
 Discord                  Hex            0%         N/A       100%        8
 Disjunction              Tloc           13%        N/A       100%        8
 Ignition                 Fire           4%         3d4       100%        8
 Infestation              Necr           0%         N/A       100%        8
 Summon Horrible Things   Summ           0%         N/A       100%        8
 Chain Lightning          Conj/Air       0%         N/A       100%        9
 Death's Door             Necr           0%         N/A       100%        9
 Dragon's Call            Summ           0%         N/A       100%        9
 Fire Storm               Conj/Fire      2%         8d1       100%        9
 Shatter                  Erth           0%         3d5*      100%        9


Dungeon Overview and Level Annotations

Branches:
Dungeon (15/15)            Temple (1/1) D:4            Lair (5/5) D:8
 Shoals (4/4) Lair:3       Spider (4/4) Lair:2        Slime (5/5) Lair:4
    Orc (2/2) D:9             Elf (3/3) Orc:2        Vaults (5/5) D:13
  Crypt (3/3) Vaults:3       Tomb (0/3) Crypt:3      Depths (4/4) D:15
   Hell (visited)             Dis (0/7) Hell            Geh (0/7) Hell
    Coc (0/7) Hell            Tar (0/7) Hell            Zot (5/5) Depths:4
  Sewer (visited)         Ossuary (visited)

Altars:
Ashenzari
Cheibriados
Dithmenos
Elyvilon
Fedhas
Gozag
Hepliaklqana
Kikubaaqudgha
Makhleb
Nemelex Xobeh
Okawaru
Qazlal
Ru
Sif Muna
Trog
Uskayaw
Vehumet
Wu Jian
Xom
Yredelemnul
Zin
The Shining One
Jiyva

Shops:
D:2 [   D:4 **==[[   D:6 *   Orc:2 ((?*   Elf:1 =***=*   Elf:2 (   Vaults:1 [
Zot:5 **   Depths:2 *([?   Depths:4 *

Portals:
Hell: Depths:1 Depths:2 Depths:3 Depths:4
Abyss: Depths:3
Pandemonium: Depths:1 Depths:2 Depths:4
Ziggurat: Depths:1

Annotations:
Lair:5 3 runed translucent doors, bakla's ghost, journeyman TrHW
Elf:3 1 exclusion
Zot:5 3 runed translucent doors, exclusion: obsidian statue, osuadh's ghost, master GrFi


Innate Abilities, Weirdness & Mutations

You have a pair of large horns on your head.
You reflexively headbutt those who attack you in melee.
You are partially covered in iridescent scales. (AC +2)
Your magical capacity is low. (-10% MP)
Your spells are a little harder to cast, but a little more powerful.


Message History

You hear a grinding noise.
A cacodemon comes into view.
You reach to attack!
You puncture the sixfirhy!
The sixfirhy convulses!
The sixfirhy is haunted by guilt!
The sixfirhy is severely wounded.
You block the sixfirhy's attack. x2
An orange demon comes into view.
You miss the sixfirhy.
The sixfirhy is severely wounded.
The orange demon screeches!
You block the sixfirhy's attack. x2
You closely miss the sixfirhy. You headbutt the sixfirhy!
You kill the sixfirhy!
The Shining One accepts your kill.
You stride towards the cacodemon!
You hit the cacodemon but do no damage. You headbutt the cacodemon!
The cacodemon is lightly wounded.
You puncture the cacodemon!
The cacodemon convulses!
The cacodemon is haunted by guilt!
You headbutt the cacodemon!!
The cacodemon is severely wounded.
You block the cacodemon's attack. x2; The orange demon barely misses you.
You puncture the cacodemon!
The cacodemon convulses!
Your headbutt misses the cacodemon.
The cacodemon is almost dead.
The cacodemon misses you. You furiously retaliate!
You headbutt the cacodemon!
You kill the cacodemon!
The Shining One accepts your kill. You block the orange demon's attack.
You reach to attack!
You stick the orange demon like a pincushion!!!
The orange demon convulses!!!
You kill the orange demon!
The Shining One accepts your kill.
No target in view!
There is a large open door here.
There is a large open door here.
There is an open door here.
There is a staircase leading out of the dungeon here.
You can't go down here!
You have escaped!

~#.##...~♣~...##.#~#.###.#.####..#.
##.8#.........#8.###........#...###
≈#.##♣.......♣##.#≈≈#.##...#..###
##'##♣~.....~♣##+##≈##.#...#.######
#8.8##♣##'##♣##8.8#≈###....#.......
#...###8#'#8###...#≈##.....#.......
#...'.........'...#≈##.#...........
#...##8##.##8##...#≈##>#....#......
#..8#~♣~#'#~♣~#8.@#≈##.#....#......
######♣##'##♣######≈##[####.#......
≈≈≈≈≈≈≈≈≈.≈≈≈≈≈≈≈≈≈≈##..#...#......
..........................###......
....########...........#.####......
....# #........##.............
....# #........#########....).
....# ###........# #..........
)...# #..........# #.....####.


There were no monsters in sight!

Vanquished Creatures
  the Royal Jelly (Slime:5)
  4 dread liches
  3 orbs of fire (Zot:5)
  Mennas (Vaults:5)
  A juggernaut (Depths:3)
  Mara (Vaults:4)
  Sojobo (Vaults:4)
  2 shard shrikes (Zot:2)
  Boris (Depths:1)
  3 Killer Klowns
  The ghost of Qiwept the Fencer, a veteran BaIE of Cheibriados (Depths:1)
  Bai Suzhen (Shoals:3)
  2 curse toes
  Frederick (Vaults:4)
  Geryon (Hell)
  A profane servitor (Crypt:3)
  11 bone dragons
  Jory (Crypt:3)
  4 golden dragons
  3 electric golems
  2 doom hounds (Depths:4)
  4 Brimstone Fiends
  A shard shrike zombie (Abyss:4)
  3 Tzitzimimeh
  Rupert (D:15)
  6 liches
  24 tentacled monstrosities
  4 pandemonium lords
  A walking divine tome (Depths:4)
  5 titans (Vaults:5)
  Zenata (Elf:2)
  26 Orb Guardians
  2 Ice Fiends
  A deep elf master archer (Elf:3)
  6 quicksilver dragons
  13 acid blobs
  4 sphinxes
  Grunn (Depths:4)
  14 death cobs
  4 ancient champions
  2 deep elf blademasters (Elf:3)
  3 Executioners
  11 tentacled starspawn
  Agnes (Elf:2)
  8 tengu reavers
  A walking frostbound tome (Depths:3)
  A kraken (Shoals:4)
  3 demonspawn warmongers (Pan)
  16 storm dragons
  10 shadow dragons
  9 draconian monks
  Roxanne (Shoals:4)
  6 draconian knights
  Aizul (Spider:2)
  11 azure jellies
  19 frost giants
  4 revenants
  9 rockslimes
  Ilsuiw (Shoals:4)
  6 fire giants
  A daeva (Abyss:4)
  A deep elf sorcerer (Elf:3)
  9 ghost moths
  8 emperor scorpions
  6 deep elf elementalists
  7 balrugs
  An iron dragon (Hell)
  5 draconian scorchers
  6 draconian stormcallers
  20 vault wardens
  3 ghouls
  A draconian shifter (Zot:1)
  12 reapers
  9 quicksilver oozes
  2 angels (Depths:1)
  16 ironbound preservers
  3 demonspawn blood saints (Pan)
  13 cacodemons
  3 draconian annihilators
  13 stone giants
  2 demonspawn corrupters (Pan)
  5 war gargoyles
  9 formless jellyfish
  A formless jellyfish (shapeshifter) (Vaults:5)
  18 very ugly things
  6 ironbound thunderhulks
  15 black draconians
  3 broodmothers
  2 putrid mouths (Depths:4)
  10 vampire knights
  13 deep elf annihilators
  6 deep elf demonologists
  13 green draconians
  10 dire elephants
  14 purple draconians
  2 lorocyprocas (Pan)
  Azrael (Elf:2)
  7 white draconians
  A demonspawn black sun (Pan)
  7 spark wasps
  A bunyip (shapeshifter) (Vaults:5)
  An iron golem (Hell)
  13 yellow draconians
  13 red draconians
  9 deep elf death magi
  2 eidola
  6 statues (Depths:2)
  10 ettins
  13 fire dragons
  10 green deaths
  9 blizzard demons
  5 merfolk javelineers
  10 yaktaur captains
  21 jiangshi
  3 entropy weavers
  5 deep elf high priests
  5 merfolk impalers
  4 great orbs of eyes
  A fire dragon (shapeshifter) (Vaults:5)
  38 vault guards
  11 rakshasas
  5 spriggan air magi
  14 ice dragons
  A fenstrider witch zombie (Crypt:3)
  A hydra (shapeshifter) (Elf:2)
  5 hydras
  4 salamander tyrants (Depths:2)
  A caustic shrike simulacrum (Abyss:4)
  2 hell beasts
  An alligator snapping turtle (Shoals:3)
  A sphinx zombie (Depths:1)
  7 ironbound frosthearts
  A merfolk aquamancer (Shoals:4)
  An ogre mage (D:10)
  Erolcha (D:10)
  3 jorogumos
  Erica (Lair:2)
  7 death knights
  3 radroaches
  9 centaur warriors
  5 boulder beetles
  5 merfolk avatars
  A catoblepas (D:14)
  A satyr (Shoals:3)
  A titan zombie (Abyss:4)
  4 two-headed ogres
  8 deep troll shamans
  6 deep troll earth magi
  A sphinx skeleton (Crypt:2)
  18 hell hogs
  15 death yaks
  6 vampire magi
  Urug (D:11)
  34 dancing weapons
  8 tengu warriors
  12 demonic crawlers
  17 deep elf knights
  13 thrashing horrors
  2 spriggan berserkers (Depths:3)
  An orc high priest (Elf:2)
  2 storm dragon zombies
  9 iron trolls
  15 hell knights
  13 soul eaters
  2 skysharks
  4 wretched stars
  28 sun demons
  8 pharaoh ants
  31 skeletal warriors
  A spatial maelstrom (Abyss:4)
  68 large abominations
  2 spark wasp zombies (Depths:1)
  3 shadow wraiths (Crypt:3)
  3 sun moths
  A swamp dragon (shapeshifter) (Abyss:4)
  17 sixfirhies
  9 sea snakes
  4 shadow demons (Pan)
  10 glowing orange brains
  6 orb spiders
  A death drake (Abyss:4)
  A bog body (Crypt:2)
  10 wizards
  53 deep trolls
  12 flayed ghosts
  2 spriggan simulacra
  An iron giant zombie (Crypt:2)
  12 deep elf archers
  A golden dragon skeleton (Depths:1)
  5 lindwurms
  20 deep elf zephyrmancers
  7 phantasmal warriors
  A tengu zombie (Vaults:1)
  A sphinx simulacrum (Depths:1)
  7 steelbarb worms
  37 ugly things
  18 harpies
  11 orc knights
  2 stone giant zombies (Depths:1)
  A fire giant zombie (Depths:1)
  A mana viper (shapeshifter) (Depths:3)
  40 deep elf pyromancers
  14 ironbound convokers
  5 shining eyes
  An anaconda skeleton (Crypt:3)
  A frost giant zombie (Depths:1)
  3 cyclopes
  A goliath frog skeleton (Crypt:1)
  12 necromancers
  14 manticores
  A shadow dragon skeleton (Depths:1)
  3 orc sorcerers
  47 moths of wrath
  12 fauns
  17 wolf spiders
  A shining eye (shapeshifter) (Vaults:1)
  2 worldbinders (Abyss:4)
  A stone giant skeleton (Depths:1)
  2 manticores (shapeshifter)
  A salamander (Depths:4)
  2 tengu skeletons (Depths:1)
  A spectral centaur (Crypt:3)
  A frost giant skeleton (Depths:1)
  9 merfolk sirens
  17 elephants
  A water nymph (shapeshifter) (Vaults:5)
  A guardian serpent (shapeshifter) (Vaults:5)
  9 rust devils
  An eye of devastation (Slime:5)
  An eye of devastation (shapeshifter) (D:15)
  The ghost of Plaidstone the Cudgeller, a novice AtFi of Okawaru (D:4)
  21 vault sentinels
  Joseph (D:8)
  A human skeleton (Vaults:4)
  A titan simulacrum (Vaults:4)
  Maurice (Orc:1)
  11 cane toads
  21 smoke demons
  2 apocalypse crabs
  6 water nymphs (Shoals:4)
  5 torpor snails
  A black mamba (shapeshifter) (Vaults:5)
  10 black mambas
  18 orange demons
  Jeremiah (D:7)
  Maggie (D:6)
  A naga skeleton (Hell)
  5 efreet
  An unseen horror (D:13)
  A yaktaur (shapeshifter) (Abyss:3)
  6 freezing wraiths
  2 rime drakes
  5 tengu conjurers
  An elephant slug zombie (Crypt:1)
  5 ice devils
  13 komodo dragons
  4 hellions (Pan)
  A tormentor (Depths:4)
  40 yaktaurs
  An elf skeleton (Vaults:1)
  5 red devils
  A troll (shapeshifter) (Vaults:5)
  6 ancient zymes
  8 wind drakes
  5 polar bears
  26 merfolk
  3 hellwings
  A wind drake (shapeshifter) (D:13)
  3 tengu simulacra (Depths:1)
  7 meliai
  14 hornets
  3 trolls
  13 raiju
  31 blink frogs
  A tarantella (shapeshifter) (Vaults:5)
  A boulder beetle zombie (Crypt:2)
  An ettin zombie (Depths:1)
  27 tarantellas
  9 dream sheep
  A deep troll zombie (Vaults:4)
  A frost giant simulacrum (Depths:1)
  Prince Ribbit (D:7)
  Sigmund (D:2)
  19 culicivoras
  56 flying skulls
  A jumping spider (shapeshifter) (D:10)
  8 wyverns
  A merfolk skeleton (Hell)
  11 snapping turtles
  2 shadows
  A slime creature (shapeshifter) (Depths:3)
  23 small abominations
  113 slime creatures
  A spriggan (shapeshifter) (D:13)
  27 jumping spiders
  6 air elementals
  31 starcursed masses
  12 wraiths
  14 ynoxinuls
  12 spriggans (Lair:5)
  4 spriggan skeletons
  A slime creature zombie (Crypt:1)
  7 basilisks
  77 yaks
  9 chaos spawn
  15 fire elementals
  5 neqoxecs
  14 water elementals
  8 golden eyes
  59 redbacks
  2 steam dragons
  4 vampire mosquitoes
  4 wargs (Orc:2)
  A glowing shapeshifter zombie (Depths:1)
  2 acid dragons
  3 floating eyes
  Duvessa (D:7)
  11 water moccasins
  19 hell hounds
  A floating eye (shapeshifter) (Abyss:4)
  46 orc warriors
  A fire bat skeleton (Crypt:2)
  A glowing shapeshifter skeleton (Depths:1)
  4 black bears
  A sky beast (D:6)
  An ettin simulacrum (Abyss:2)
  2 ice beasts
  34 wolves
  14 ogres
  8 boggarts
  An elephant skeleton (Crypt:1)
  12 centaurs
  A dream sheep skeleton (Crypt:2)
  A lindwurm skeleton (Crypt:1)
  An orc skeleton (Vaults:1)
  2 phantoms (D:5)
  A yaktaur zombie (Crypt:1)
  2 kobold brigands
  3 gnoll sergeants
  13 bullfrogs
  4 earth elementals
  4 necrophages (Crypt:3)
  6 scorpions
  15 wights
  A wyvern skeleton (Crypt:1)
  2 water moccasin zombies (Ossuary)
  A raiju zombie (Crypt:2)
  Dowan (D:7)
  15 killer bees
  9 howler monkeys
  4 electric eels
  A lava snake (D:13)
  A centaur zombie (Crypt:1)
  A human simulacrum (Vaults:1)
  4 jellies
  2 hounds
  3 iron imps
  19 orc priests
  3 sleepcaps
  A basilisk skeleton (Crypt:2)
  7 hell rats
  An iguana (D:5)
  26 orc wizards
  2 mummies (Ossuary)
  Robin (D:1)
  11 gnolls
  7 river rats
  11 adders
  2 shadow imps
  2 white imps
  2 ufetubi
  A worm zombie (D:8)
  7 adder zombies (Ossuary)
  A lava snake zombie (Crypt:2)
  4 worms
  5 dart slugs
  103 orcs
  4 bats
  5 endoplasms
  7 giant cockroaches
  15 goblins
  8 hobgoblins
  10 jackals
  9 kobolds
  5 quokkas
  13 ball pythons
  8 frilled lizards
  7 gnoll zombies (Ossuary)
  4 hobgoblin zombies
  3 kobold zombies (Ossuary)
  4 orc zombies
  14 rats
  A lurking horror (Abyss:4)
  7 starspawn tentacles
  3 tentacles (Shoals:4)
3160 creatures vanquished.

Vanquished Creatures (collateral kills)
  A merfolk impaler (Shoals:4)
  An orc priest (D:8)
  An orc (D:8)
3 creatures vanquished.

Vanquished Creatures (others)
  2 ancient liches
  3 orbs of fire
  Saint Roka (Vaults:5)
  2 Brimstone Fiends (Pan)
  Jorgrun (D:14)
  A tentacled monstrosity (Zot:5)
  Mlioglotl (Shoals:3)
  An Orb Guardian (Zot:5)
  Asterion (Elf:2)
  A deep elf master archer (Elf:3)
  A death cob (Zot:3)
  Donald (Shoals:1)
  A tengu reaver (Depths:3)
  A shadow dragon (Vaults:5)
  A balrug (Pan)
  2 vault wardens
  A deep elf elementalist (Abyss:2)
  2 emperor scorpions
  A draconian shifter (Zot:3)
  2 ghost moths
  An ironbound preserver (Vaults:5)
  A war gargoyle (Vaults:1)
  A broodmother (Spider:2)
  2 ironbound thunderhulks (Vaults:4)
  2 spark wasps (Spider:3)
  2 purple draconians (Zot:3)
  2 yellow draconians
  A white draconian (Depths:4)
  Josephine (D:10)
  2 merfolk javelineers
  A deep elf death mage (Elf:3)
  A fire dragon (Depths:1)
  A hydra (D:15)
  2 merfolk aquamancers
  A spriggan berserker (Depths:3)
  A skyshark (Lair:5)
  2 deep elf knights (Elf:1)
  3 sea snakes
  3 flayed ghosts
  Lodul (D:10)
  A wizard (Vaults:2)
  3 deep trolls
  A lindwurm (Vaults:4)
  2 deep elf zephyrmancers
  A harpy (Shoals:3)
  3 deep elf pyromancers
  A wolf spider (Spider:3)
  A faun (Shoals:1)
  2 manticores
  2 water nymphs (Shoals:4)
  An elephant (Lair:5)
  A torpor snail (Spider:3)
  A cane toad (Lair:5)
  A rime drake (Lair:5)
  A komodo dragon (D:10)
  A bunyip simulacrum (Hell)
  A yaktaur (Vaults:2)
  2 meliai
  2 wind drakes
  3 snapping turtles
  A dream sheep (Lair:4)
  A blink frog (Lair:5)
  A spriggan (Lair:5)
  A wraith (D:14)
  2 culicivoras (Spider:4)
  A ynoxinul (Abyss:2)
  2 jumping spiders
  3 starcursed masses
  A water elemental (Abyss:3)
  2 yaks
  A chaos spawn (Pan)
  A vampire mosquito (D:11)
  4 redbacks
  An acid dragon (D:11)
  A small abomination (Abyss:3)
  An electric eel (D:13)
  6 hell rats (Hell)
  A lurking horror (Abyss:4)
  25 starspawn tentacles
  14 tentacles (Shoals:4)
159 creatures vanquished.

Grand Total: 3322 creatures vanquished

Notes
Turn   | Place    | Note
-------+----------+-------------------------------------------
     0 | D:1      | RepHenryClay the Minotaur Cinder Acolyte began the quest
                  | for the Orb.
     0 | D:1      | Reached XP level 1. HP: 19/19 MP: 1/1
    95 | D:1      | Reached skill level 1 in Armour
   174 | D:1      | Reached XP level 2. HP: 21/26 MP: 2/2
   648 | D:2      | Reached XP level 3. HP: 15/31 MP: 3/3
   756 | D:2      | Noticed Robin
   791 | D:1      | Killed Robin
  1096 | D:2      | Noticed Sigmund
  1108 | D:2      | Killed Sigmund
  1109 | D:2      | Reached XP level 4. HP: 24/39 MP: 4/4
  1109 | D:2      | Reached XP level 5. HP: 28/45 MP: 5/5
  1258 | D:2      | Identified the +0 scale mail of Osuariwukk {Harm Slay+3}
  1541 | D:2      | Identified the +4 short sword of Arrival {flame, rElec rN+}
  1584 | D:2      | Found a radiant altar of Vehumet.
  1665 | D:2      | Found Daihoix's Armour Emporium.
  1673 | D:2      | Bought a +0 pair of gloves for 49 gold pieces
  1755 | D:3      | Reached XP level 6. HP: 37/51 MP: 6/6
  2052 | D:3      | Reached skill level 5 in Armour
  2139 | D:3      | You fall into a shaft and drop 2 floors!
  2139 | D:5      | Entered Level 5 of the Dungeon
  2679 | D:4      | Found a transporter.
  2680 | D:4      | Found a transporter.
  2681 | D:4      | Noticed Plaidstone's ghost (novice AtFi)
  2682 | D:4      | Identified the +3 dire flail "Giozaid" {speed, Stlth+}
  2699 | D:4      | Found Saos Une's Antique Armour Emporium.
  2763 | D:4      | Found a staircase to the Ecumenical Temple.
  2876 | D:4      | Found a glowing golden altar of the Shining One.
  3149 | D:5      | Reached XP level 7. HP: 51/57 MP: 7/7
  3231 | D:5      | Upgraded the game from 0.31-a0-640-g39d97e502b to
                  | 0.31-a0-654-gbe3e110b4e
  4063 | D:6      | Reached XP level 8. HP: 64/64 MP: 8/8
  4336 | D:6      | Found Aquxebukodi's Assorted Antiques.
  4548 | D:6      | Found a glowing drain.
  4561 | Sewer    | Entered a sewer
  5119 | D:4      | Bought a pair of runed boots for 217 gold pieces
  5177 | D:6      | Found a sparkling altar of Nemelex Xobeh.
  5246 | D:6      | Found an ornate altar of the Wu Jian Council.
  5391 | D:6      | Noticed a troll
  5408 | D:6      | Killed a troll
  5409 | D:6      | Reached skill level 10 in Maces & Flails
  5453 | D:6      | Found a glowing silver altar of Zin.
  5453 | D:6      | Found a burning altar of Makhleb.
  5454 | D:6      | Noticed a balrug
  5454 | D:6      | Noticed an angel
  5524 | D:6      | Identified the +6 chain mail of Heresy {Drain Dex+4}
  5580 | D:7      | Noticed Duvessa
  5583 | D:7      | Noticed Dowan
  5667 | D:7      | Noticed Jeremiah
  5829 | D:7      | Noticed Maggie
  6019 | D:6      | Reached XP level 9. HP: 67/70 MP: 9/9
  6050 | D:6      | Killed Maggie
  6112 | D:7      | Noticed Prince Ribbit
  6119 | D:7      | Killed Prince Ribbit
  6138 | D:7      | Reached skill level 1 in Dodging
  6285 | D:6      | Reached skill level 5 in Fighting
  6604 | D:7      | Killed Duvessa
  6616 | D:7      | Killed Dowan
  6756 | D:7      | Reached skill level 5 in Dodging
  6896 | D:7      | Reached XP level 10. HP: 80/84 MP: 10/10
  7511 | D:7      | Killed Jeremiah
  7659 | D:8      | Noticed Joseph
  7679 | D:8      | Killed Joseph
  7739 | D:8      | Found a staircase to the Lair.
  7825 | D:8      | Found a sand-covered staircase.
  7833 | Ossuary  | Entered an ossuary
  8544 | D:6      | Bought a dented filigree amulet for 115 gold pieces
  8792 | D:9      | Found a staircase to the Orcish Mines.
  9144 | D:9      | Found a sacrificial altar of Ru.
  9152 | D:9      | Reached skill level 10 in Fighting
  9152 | D:9      | Reached skill level 10 in Dodging
  9152 | D:9      | Reached XP level 11. HP: 101/101 MP: 11/11
  9603 | D:9      | Reached skill level 10 in Armour
  9913 | Orc:1    | Entered Level 1 of the Orcish Mines
  9913 | Orc:1    | Noticed Maurice
  9913 | Orc:1    | Noticed an orc sorcerer
 10044 | Orc:1    | Noticed an orc knight
 10196 | Orc:1    | Noticed an orc knight
 10367 | D:9      | Killed an orc sorcerer
 10387 | Orc:1    | You fall into a shaft and drop 1 floor!
 10387 | Orc:2    | Entered Level 2 of the Orcish Mines
 10516 | D:9      | Killed an orc knight
 10517 | D:9      | Reached XP level 12. HP: 65/107 MP: 7/12
 10868 | Orc:1    | Killed Maurice
 11297 | Orc:2    | Found a staircase to the Elven Halls.
 11544 | Orc:1    | Noticed a two-headed ogre
 11559 | Orc:2    | Killed a two-headed ogre
 11685 | Orc:1    | Noticed an ettin
 11703 | Orc:1    | Killed an ettin
 13135 | Orc:2    | Found Narhy's General Store.
 13135 | Orc:2    | Found Vehuahid's Magic Scroll Emporium.
 13377 | Orc:2    | Reached skill level 15 in Armour
 14195 | Orc:2    | Found Zanurph Bung's Antique Weapon Shop.
 14195 | Orc:2    | Found Reptoeco's Weapon Emporium.
 14303 | Orc:2    | Bought a scroll of acquirement for 676 gold pieces
 14303 | Orc:2    | Bought a scroll of teleportation for 39 gold pieces
 14303 | Orc:2    | Acquired 664 gold pieces
 14443 | Temple   | Entered the Ecumenical Temple
 14448 | Temple   | Fell from the grace of Ignis
 14448 | Temple   | Became a worshipper of Gozag Ym Sagoz the Greedy
 14645 | D:4      | Killed Plaidstone's ghost
 14781 | Lair:1   | Entered Level 1 of the Lair of Beasts
 14941 | Lair:1   | You fall into a shaft and drop 1 floor!
 15019 | Lair:2   | Found a hole to the Spider Nest.
 15031 | Lair:2   | Reached XP level 13. HP: 116/116 MP: 13/13
 15781 | Lair:1   | You fall into a shaft and drop 1 floor!
 15782 | Lair:2   | Noticed Erica
 15792 | Lair:2   | Killed Erica
 17039 | Lair:2   | You fall into a shaft and drop 1 floor!
 17415 | Lair:3   | You fall into a shaft and drop 1 floor!
 17415 | Lair:4   | Was forgiven by Ignis
 17424 | Lair:4   | Found a staircase to the Slime Pits.
 17424 | Lair:4   | Found a viscous altar of Jiyva.
 17860 | Lair:3   | Found a staircase to the Shoals.
 18014 | Lair:2   | Reached XP level 14. HP: 122/132 MP: 12/14
 18858 | Lair:4   | Reached skill level 1 in Polearms
 19025 | Lair:4   | Reached skill level 5 in Polearms
 19376 | Orc:2    | Bought the +8 trishula "Condemnation" {holy, anguish,
                  | *Noise Fly rN+} for 2145 gold pieces
 19376 | Orc:2    | Found the +8 trishula "Condemnation" {holy, anguish, *Noise
                  | Fly rN+}
 20379 | Lair:5   | Entered Level 5 of the Lair of Beasts
 20670 | Lair:5   | Reached skill level 10 in Polearms
 20670 | Lair:5   | Found a runed translucent gate.
 20670 | Lair:5   | Found a runed translucent gate.
 20670 | Lair:5   | Found a runed translucent gate.
 20670 | Lair:5   | Noticed an azure jelly
 20670 | Lair:5   | Noticed an azure jelly
 20670 | Lair:5   | Noticed an acid blob
 20670 | Lair:5   | Noticed an acid blob
 20674 | Lair:5   | Noticed an azure jelly
 20681 | Lair:5   | Noticed an acid blob
 20682 | Lair:5   | Noticed an acid blob
 20686 | Lair:5   | Noticed bakla's ghost (journeyman TrHW)
 20687 | Lair:5   | Noticed an azure jelly
 20793 | Lair:5   | Noticed an acid blob
 20796 | Lair:5   | Found a viscous altar of Jiyva.
 21229 | Lair:5   | Reached XP level 15. HP: 116/139 MP: 13/15
 22416 | D:10     | Entered Level 10 of the Dungeon
 22422 | D:10     | Noticed Josephine
 22439 | D:10     | Killed Josephine
 22678 | D:10     | Reached skill level 15 in Fighting
 23043 | D:10     | Noticed Erolcha
 23049 | D:10     | Killed Erolcha
 23158 | D:10     | Noticed Lodul
 23168 | D:10     | Killed Lodul
 23609 | D:11     | Noticed Urug
 23627 | D:11     | Killed Urug
 25178 | D:13     | Got Laer Emu's Octavo of Ironbound Ensorcelling
 25695 | D:13     | Found a gate to the Vaults.
 26291 | D:14     | Reached XP level 16. HP: 143/151 MP: 14/16
 26385 | D:14     | Noticed Jorgrun
 26396 | D:14     | Killed Jorgrun
 27221 | D:15     | Entered Level 15 of the Dungeon
 27588 | D:15     | Found a staircase to the Depths.
 27910 | D:15     | Noticed Rupert
 27922 | D:15     | Killed Rupert
 28205 | D:15     | Learned a level 2 spell: Blink
 28208 | D:15     | Learned a level 2 spell: Lesser Beckoning
 28373 | D:6      | Bought a tiny copper amulet for 115 gold pieces
 28485 | Spider:1 | Entered Level 1 of the Spider Nest
 28499 | Lair:2   | Reached skill level 1 in Translocations
 29003 | Spider:1 | You are sucked into a shaft and drop 1 floor!
 29288 | Spider:1 | Reached skill level 5 in Translocations
 29707 | Spider:2 | Identified the +7 long sword "Racsewke" {heavy, rN+}
 29856 | Spider:2 | Noticed Aizul
 30027 | Spider:2 | Killed Aizul
 32243 | Spider:3 | Reached XP level 17. HP: 159/163 MP: 17/17
 33177 | Spider:4 | Entered Level 4 of the Spider Nest
 33893 | Shoals:1 | Entered Level 1 of the Shoals
 33907 | Shoals:1 | Reached skill level 1 in Throwing
 34406 | Shoals:1 | Identified the +4 leather armour "Zany" {rC+}
 34425 | Shoals:1 | Reached skill level 5 in Throwing
 34609 | Shoals:1 | Noticed Donald
 34620 | Shoals:1 | Killed Donald
 36481 | Shoals:3 | Reached skill level 1 in Evocations
 36926 | Shoals:4 | Entered Level 4 of the Shoals
 36940 | Shoals:4 | Noticed Mlioglotl
 36953 | Shoals:3 | Killed Mlioglotl
 36954 | Shoals:3 | Reached XP level 18. HP: 152/173 MP: 18/18
 37035 | Shoals:4 | Noticed Bai Suzhen
 37508 | Shoals:3 | Killed Bai Suzhen
 37549 | Shoals:4 | Reached skill level 5 in Evocations
 39354 | Spider:4 | Got a gossamer rune of Zot
 39546 | Shoals:4 | Noticed Roxanne
 40036 | Shoals:4 | Noticed Ilsuiw
 40440 | Vaults:1 | Entered Level 1 of the Vaults
 40701 | Vaults:1 | Reached skill level 15 in Dodging
 40805 | Vaults:1 | Found Potegucw's Armour Boutique.
 40874 | Vaults:1 | Bought a +2 kite shield of protection for 387 gold pieces
 40920 | Vaults:1 | Reached skill level 1 in Shields
 41063 | Vaults:1 | Upgraded the game from 0.31-a0-654-gbe3e110b4e to
                  | 0.31-a0-656-gb4d89c20fa
 41220 | Vaults:1 | Reached skill level 5 in Shields
 41446 | Vaults:1 | Reached XP level 19. HP: 177/184 MP: 19/19
 41506 | Vaults:1 | Identified the +4 mace of Afoehuse {venom, rPois rC++}
 41887 | Vaults:1 | You are sucked into a shaft and drop 1 floor!
 42547 | Vaults:2 | Reached skill level 10 in Shields
 44201 | Vaults:3 | Found a staircase to the Crypt.
 45305 | Vaults:4 | Reached skill level 15 in Shields
 45527 | Vaults:4 | Noticed Mara
 45534 | Vaults:4 | Noticed RepHenryClay's illusion
 45539 | Vaults:4 | Killed Mara
 45764 | Vaults:4 | Reached XP level 20. HP: 181/198 MP: 20/20
 46715 | Vaults:4 | Found a gateway to a bazaar.
 46772 | Vaults:4 | Noticed Sojobo
 46776 | Vaults:4 | Noticed Frederick
 46795 | Vaults:4 | Paralysed by an air elemental for 1 turns
 47099 | Vaults:4 | Killed Frederick
 47216 | Vaults:4 | Killed Sojobo
 47920 | Vaults:4 | Found a gateway to a bazaar.
 48411 | Elf:1    | Entered Level 1 of the Elven Halls
 48413 | Elf:1    | Paralysed by an air elemental for 1 turns
 48429 | Elf:1    | Bought a twitching wooden ring for 135 gold pieces
 48429 | Elf:1    | Identified the ring "Ogrebit" {rElec Str+6} (You bought it
                  | in a shop on level 1 of the Elven Halls)
 48435 | Elf:1    | Bought a faintly glowing chain mail for 190 gold pieces
 48435 | Elf:1    | Identified the +7 chain mail of the Chupacabra {Dex+4
                  | Slay+2} (You bought it in a shop on level 1 of the Elven
                  | Halls)
 48455 | Elf:1    | Bought the macabre finger necklace {Finger+ rN+} for 840
                  | gold pieces
 48455 | Elf:1    | Found the macabre finger necklace {Finger+ rN+}
 48511 | Elf:1    | Found a radiant altar of Vehumet.
 49859 | Elf:2    | Paralysed by an air elemental for 1 turns
 50190 | Elf:2    | Found a runed translucent gate.
 50190 | Elf:2    | Found a runed translucent gate.
 50191 | Elf:2    | Found a runed translucent gate.
 50438 | Elf:2    | Found Reffeur's Antique Weapon Shop.
 50438 | Elf:2    | Noticed Zenata
 50453 | Elf:2    | Killed Zenata
 50713 | Elf:3    | Entered Level 3 of the Elven Halls
 51021 | Shoals:4 | Upgraded the game from 0.31-a0-656-gb4d89c20fa to
                  | 0.31-a0-662-g684573625c
 51539 | Shoals:4 | Reached XP level 21. HP: 193/212 MP: 21/21
 52230 | Shoals:4 | Killed Ilsuiw
 52292 | Shoals:4 | Killed Roxanne
 52653 | Shoals:4 | Got a barnacled rune of Zot
 53987 | Bazaar   | Entered a bazaar
 53987 | Bazaar   | Found Etteopuo's General Store.
 53995 | Bazaar   | Found Cihur's Antique Weapon Shop.
 54000 | Bazaar   | Found Ybriamya's General Store.
 54008 | Bazaar   | Found Bejosuc's Armour Emporium.
 54022 | Bazaar   | Found Nyrejask's Jewellery Shop.
 54043 | Bazaar   | Bought the +2 shield of Resistance {rF++ rC++ Will++} for
                  | 705 gold pieces
 54043 | Bazaar   | Found the +2 shield of Resistance {rF++ rC++ Will++}
 54067 | Bazaar   | Bought a scroll of acquirement for 676 gold pieces
 54073 | Bazaar   | Bought a runed broad axe for 182 gold pieces
 54073 | Bazaar   | Bought an encrusted great sword for 299 gold pieces
 54073 | Bazaar   | Identified the +8 great sword of Necwusokh {heavy, Drain
                  | rPois Will++ SInv} (You bought it in a shop in a bazaar)
 54081 | Bazaar   | Bought a scroll of fear for 36 gold pieces
 54107 | Vaults:4 | Acquired 892 gold pieces
 54442 | Elf:1    | Bought the ring of the Ten Artists {+Blink rCorr Int+3
                  | Dex+6 Stlth+} for 1164 gold pieces
 54446 | Elf:1    | Bought an ichor-stained morningstar for 180 gold pieces
 54446 | Elf:1    | Identified the +9 morningstar of an ice cave {flame, rC++
                  | SInv} (You bought it in a shop on level 1 of the Elven
                  | Halls)
 54449 | Elf:1    | Bought a potion of heal wounds for 195 gold pieces
 54543 | Elf:2    | Noticed Asterion
 54630 | Elf:2    | Killed Asterion
 54909 | Elf:2    | Noticed Azrael
 54967 | Elf:2    | Noticed Agnes
 54978 | Elf:2    | Killed Agnes
 55002 | Elf:2    | Killed Azrael
 55894 | Elf:3    | Identified the +10 morningstar "Tormentor" {heavy, Will+}
 55905 | Elf:3    | Identified the +2 leather armour of Trial and Error {-Tele
                  | rF+ Regen+ Dex+3}
 55909 | Elf:3    | Found the +1 cloak of Starlight {*Dazzle EV+4 Stlth--}
 56009 | Elf:3    | Identified the +7 battleaxe "Zesiss" {freeze, Dex+6}
 56170 | Elf:3    | Reached skill level 10 in Throwing
 56193 | Elf:3    | Identified the +14 crystal plate armour of the Fiend {rCorr
                  | Str+4 Stlth+}
 56571 | Elf:3    | Got Zonguldrok's Compilation of Cadavers
 56605 | Elf:3    | Identified the +7 long sword "Spiderslayer" {protect, rF+
                  | Int+3 Dex+2}
 56611 | Elf:3    | Identified the +1 plate armour "Paum" {Slay+4}
 56665 | Elf:3    | Got Jeimink's Discourse on the Hot Congregation
 57011 | Depths:1 | Entered Level 1 of the Depths
 57110 | Depths:1 | Found a runed translucent gate.
 57112 | Depths:1 | Identified the +1 cloak of the Imp {rElec}
 57204 | Depths:1 | Found a runed translucent gate.
 57205 | Depths:1 | Found a runed translucent gate.
 57271 | Depths:1 | Paralysed by a floating eye for 4 turns
 57331 | Depths:1 | Found a one-way gate leading to the halls of Pandemonium.
 57399 | Depths:1 | Noticed Boris
 57430 | Depths:1 | Killed Boris
 57536 | Depths:1 | Reached XP level 22. HP: 222/222 MP: 22/22
 58019 | Depths:1 | Found a gateway to Hell.
 58064 | Depths:1 | Found a one-way gateway to a ziggurat.
 58143 | Depths:1 | Found a sparkling altar of Nemelex Xobeh.
 58204 | Depths:1 | Noticed Qiwept's ghost (veteran BaIE)
 58205 | Depths:1 | Identified the ring "Iffi" {Fire Str+3}
 59166 | Depths:1 | Killed Qiwept's ghost
 59615 | Depths:2 | Found Fukeomnu's Assorted Antiques.
 59617 | Depths:2 | Found Vokhemp's Armour Boutique.
 59617 | Depths:2 | Found Linasupi's Antique Weapon Shop.
 59620 | Depths:2 | Found Arromaen's Magic Scroll Boutique.
 59637 | Depths:2 | Bought the +3 pair of seven-league boots {Rampage+∞} for
                  | 920 gold pieces
 59637 | Depths:2 | Found the +3 pair of seven-league boots {Rampage+∞}
 59785 | Depths:2 | Reached skill level 15 in Throwing
 60955 | Depths:2 | Identified the ring of Pem Juur {rF+ rCorr}
 60972 | Depths:2 | Noticed an ancient lich
 60977 | Depths:2 | Killed an ancient lich
 61010 | Depths:2 | Found a radiant altar of Vehumet.
 61074 | Depths:2 | Identified the +3 great sword "Impslayer" {venom, rPois
                  | Str+4 Int-2}
 61084 | Depths:2 | Identified the +10 short sword of the Toadstool {venom, rN+
                  | MP+9}
 61315 | Depths:3 | Found a portal to a secret trove of treasure.
 61634 | Depths:3 | Found a one-way gate to the infinite horrors of the Abyss.
 61792 | Depths:3 | Reached XP level 23. HP: 212/232 MP: 23/23
 61821 | Depths:3 | Noticed a juggernaut
 61838 | Depths:3 | Killed a juggernaut
 62242 | Depths:3 | Found a sparkling altar of Nemelex Xobeh.
 62514 | Depths:3 | You are sucked into a shaft and drop 1 floor!
 62514 | Depths:4 | Entered Level 4 of the Depths
 63299 | Depths:4 | Found Gozag's Platinum Reserve.
 63299 | Depths:4 | Found an opulent altar of Gozag.
 63843 | Depths:4 | Found a gate to the Realm of Zot.
 64520 | Depths:4 | Noticed Grunn
 64536 | Depths:4 | Killed Grunn
 65609 | Depths:4 | Found a gate to the Realm of Zot.
 65915 | Depths:4 | Found Gozag's Platinum Reserve.
 65919 | Depths:4 | Found an opulent altar of Gozag.
 66543 | Vaults:5 | Entered Level 5 of the Vaults
 66544 | Vaults:5 | Found the +11 plutonium sword {Contam Stlth-}
 66556 | Vaults:5 | Noticed Mennas
 66591 | Vaults:5 | Killed Mennas
 66684 | Vaults:5 | Noticed a dread lich
 66717 | Vaults:5 | Killed a dread lich
 67078 | Vaults:5 | Reached skill level 27 in Armour
 67126 | Vaults:5 | Identified the +0 trident "Niluc" {pain, Int+6}
 67210 | Vaults:5 | Reached skill level 27 in Fighting
 67214 | Vaults:5 | Identified the +2 robe "Qisapraw" {rF+ Slay+2}
 67303 | Vaults:5 | Reached XP level 24. HP: 249/249 MP: 23/23
 67383 | Vaults:5 | Noticed a dread lich
 67392 | Vaults:5 | Killed a dread lich
 67410 | Vaults:5 | Identified the +4 leather armour of Zin's Respect {rPois
                  | rN+ Regen+ Int-3}
 67416 | Vaults:5 | Identified the ring of Grontol {+Blink rElec Str+6 SInv
                  | Stlth-}
 67609 | Vaults:5 | Noticed an ancient lich
 67644 | Vaults:5 | Noticed Saint Roka
 67664 | Vaults:5 | Killed an ancient lich
 67675 | Vaults:5 | Killed Saint Roka
 68543 | Vaults:5 | Identified the +2 robe of Yteckitza {rF+ rC+ Will+ Dex+3}
 68741 | Vaults:5 | Got a silver rune of Zot
 68786 | Vaults:5 | Identified the +5 chain mail "Gioqam" {rN+}
 69793 | Depths:3 | Voluntarily entered the Abyss.
 69985 | Abyss:2  | Found a corrupted altar of Lugonu.
 71105 | Abyss:4  | Found a corrupted altar of Lugonu.
 71105 | Abyss:4  | Found a corrupted altar of Lugonu.
 71159 | Abyss:4  | Found a transporter.
 71162 | Abyss:4  | Found a transporter.
 71163 | Abyss:4  | Found a corrupted altar of Lugonu.
 71195 | Abyss:4  | Paralysed by accursed screaming for 1 turns
 71239 | Abyss:4  | Identified the ring "Agus" {rF+ Will+ Dex+2}
 71242 | Abyss:4  | Identified the staff "Vumies" {Will+ Int+5 Conj}
 71260 | Abyss:4  | Found a transporter.
 71356 | Depths:3 | Escaped the Abyss
 71360 | Depths:3 | Acquired the +1 pair of gloves of Experimentation {rElec}
 71661 | Zot:1    | Entered Level 1 of the Realm of Zot
 71834 | Zot:1    | Reached XP level 25. HP: 200/257 MP: 23/23
 72907 | Zot:1    | You are sucked into a shaft and drop 1 floor!
 74323 | Zot:2    | Noticed a shard shrike
 74334 | Zot:2    | Killed a shard shrike
 74455 | Zot:2    | Noticed a shard shrike
 74493 | Zot:2    | Killed a shard shrike
 74907 | Zot:2    | Got the Octavo of Snow-white Assembling
 74934 | Zot:2    | Got Konkib's Elucidation of Energy
 76649 | Zot:4    | Noticed a Killer Klown
 76660 | Zot:4    | Noticed an orb of fire
 76673 | Zot:4    | Gained mutation: You occasionally shout uncontrollably at
                  | your foes. [an orb of fire]
 76675 | Zot:4    | Killed an orb of fire
 76992 | Zot:3    | Reached XP level 26. HP: 253/266 MP: 23/23
 77281 | Zot:4    | Reached skill level 15 in Polearms
 77334 | Zot:4    | Found a transporter.
 77342 | Zot:4    | Found a transporter.
 77431 | Zot:4    | Found a transporter.
 77432 | Zot:4    | Found a transporter.
 77568 | Zot:4    | Found a transporter.
 77571 | Zot:4    | Found a transporter.
 78289 | Slime:1  | Entered Level 1 of the Pits of Slime
 78417 | Slime:1  | Paralysed by a formless jellyfish for 1 turns
 79040 | Slime:5  | Entered Level 5 of the Pits of Slime
 79045 | Slime:5  | Paralysed by a floating eye for 3 turns
 79839 | Slime:5  | Noticed the Royal Jelly
 80051 | Slime:5  | Killed the Royal Jelly
 80187 | Slime:5  | Identified the +8 plate armour of Nemelex Xobeh's Hatred
                  | {rElec MP+9 Int+2}
 80190 | Slime:5  | Identified the ring "Goacapla" {Will+ Dex+5}
 80191 | Slime:5  | Identified the ring "Nyimp" {rC+ rCorr Str-3 Stlth+}
 80212 | Slime:5  | Identified the +6 great sword of the Twisting Gods {freeze,
                  | Dex+3}
 80241 | Slime:5  | Got the Textbook on Voltage
 80264 | Slime:5  | Got a slimy rune of Zot
 80265 | Slime:5  | Identified the +2 pair of gloves of the Ant {rF+}
 80278 | Slime:5  | Identified the +4 orcbow of Deformation {flame, rN+ Int+3}
 80298 | Slime:5  | Identified the +0 plate armour of Curiosity {Will+}
 80401 | Slime:5  | Identified the +1 ring mail "Hiutiteu" {Will+ rCorr Int-2}
 80406 | Slime:5  | Got the Cyclopedia of Dislocated Corpses
 80409 | Slime:5  | Identified the +1 ring mail "Ippifryn" {rPois Str+7 Stlth-}
 80535 | Slime:5  | Gained mutation: You are dopey. (Int -2) [a shining eye]
 80940 | Orc:2    | Bought a scroll of fear for 52 gold pieces
 81221 | Depths:3 | You paid a toll of 7 scrolls of fear to enter a treasure
                  | trove
 81222 | Trove    | Entered a treasure trove
 81233 | Trove    | Got Sif Muna's Treatise on the Weird Pyre
 81251 | Trove    | Got Hecliwna's Codex of Assistive Ice
 81257 | Trove    | Got Sif Muna's Compilation of Transforming Invitation
 81625 | D:4      | Bought a coiled granite ring for 245 gold pieces
 81625 | D:4      | Identified the ring of Udyicw Wuim {rF+ rCorr Stlth+} (You
                  | bought it in a shop on level 4 of the Dungeon)
 81625 | D:4      | Bought a scroll of teleportation for 147 gold pieces
 81628 | D:4      | Bought the +9 scales of the Dragon King {rPois rF+ rC+
                  | Will+} for 1747 gold pieces
 81628 | D:4      | Bought a scroll of blinking for 105 gold pieces
 81628 | D:4      | Found the +9 scales of the Dragon King {rPois rF+ rC+
                  | Will+}
 81670 | D:4      | Fell from the grace of Gozag
 81670 | D:4      | Became a worshipper of the Shining One
 81984 | Crypt:1  | Entered Level 1 of the Crypt
 82013 | Crypt:1  | Reached * piety under the Shining One
 82178 | Crypt:1  | Reached ** piety under the Shining One
 82275 | Crypt:1  | Found a huge runed gate.
 82275 | Crypt:1  | Found a huge runed gate.
 82275 | Crypt:1  | Found a huge runed gate.
 82276 | Crypt:1  | Found a huge runed gate.
 82276 | Crypt:1  | Found a huge runed gate.
 82277 | Crypt:1  | Found a huge runed gate.
 82277 | Crypt:1  | Found a huge runed gate.
 82281 | Crypt:1  | Found a huge runed gate.
 82281 | Crypt:1  | Found a huge runed gate.
 82283 | Crypt:1  | Found a huge runed gate.
 82287 | Crypt:1  | Found a huge runed gate.
 82287 | Crypt:1  | Found a huge runed gate.
 82296 | Crypt:1  | Found a huge runed gate.
 82298 | Crypt:1  | Found a huge runed gate.
 82299 | Crypt:1  | Found a huge runed gate.
 82300 | Crypt:1  | Found a huge runed gate.
 82301 | Crypt:1  | Found a huge runed gate.
 82302 | Crypt:1  | Found a huge runed gate.
 82302 | Crypt:1  | Identified the +3 trident of Fedhas's Condemnation {drain,
                  | *Rage rElec rF+++ Str-5}
 82309 | Crypt:1  | Found a huge runed gate.
 82309 | Crypt:1  | Found a huge runed gate.
 82309 | Crypt:1  | Found a huge runed gate.
 82309 | Crypt:1  | Found a huge runed gate.
 82309 | Crypt:1  | Found a huge runed gate.
 82309 | Crypt:1  | Found a huge runed gate.
 82310 | Crypt:1  | Found a huge runed gate.
 82311 | Crypt:1  | Found a huge runed gate.
 82312 | Crypt:1  | Found a huge runed gate.
 82342 | Crypt:1  | Found a huge runed gate.
 82342 | Crypt:1  | Found a huge runed gate.
 82342 | Crypt:1  | Found a huge runed gate.
 82342 | Crypt:1  | Found a huge runed gate.
 82342 | Crypt:1  | Found a huge runed gate.
 82343 | Crypt:1  | Found a huge runed gate.
 82344 | Crypt:1  | Found a huge runed gate.
 82345 | Crypt:1  | Found a huge runed gate.
 82346 | Crypt:1  | Found a huge runed gate.
 82434 | Crypt:1  | Reached *** piety under the Shining One
 82602 | Crypt:2  | Reached **** piety under the Shining One
 82622 | Crypt:2  | Reached skill level 10 in Evocations
 82999 | Crypt:3  | Entered Level 3 of the Crypt
 82999 | Crypt:3  | Reached ***** piety under the Shining One
 83173 | Crypt:3  | Reached ****** piety under the Shining One
 83271 | Crypt:3  | Found a basalt altar of Yredelemnul.
 83451 | Crypt:3  | Reached XP level 27. HP: 273/273 MP: 23/23
 83607 | Crypt:3  | Reached skill level 15 in Evocations
 83621 | Crypt:3  | Noticed Jory
 83622 | Crypt:3  | Found a staircase to the Tomb.
 83627 | Crypt:3  | Killed Jory
 83817 | Crypt:3  | Got the Volume of Collective Glaciation
 84405 | Depths:3 | Voluntarily entered the Abyss.
 84593 | Abyss:4  | Paralysed by accursed screaming for 1 turns
 84676 | Abyss:4  | Gained mutation: You have sharp toenails. [a cacodemon]
 84862 | Abyss:4  | Gained mutation: You are vulnerable to heat. (rF-) [a
                  | neqoxec]
 84881 | Abyss:4  | Got an abyssal rune of Zot
 84909 | Depths:3 | Escaped the Abyss
 84949 | Hell     | Entered the Vestibule of Hell
 84949 | Hell     | Noticed Geryon
 85010 | Hell     | Killed Geryon
 85376 | Hell     | Reached skill level 1 in Invocations
 85442 | Hell     | Found a gateway to the ashen valley of Gehenna.
 85504 | Hell     | Found a gateway to the decaying netherworld of Tartarus.
 85556 | Hell     | Found a gateway to the freezing wastes of Cocytus.
 85609 | Hell     | Found a gateway to the Iron City of Dis.
 85900 | Pan      | Entered Pandemonium
 86133 | Pan      | Reached skill level 5 in Invocations
 86293 | Pan      | Noticed Vuimogoo the pandemonium lord
 86300 | Pan      | Killed Vuimogoo the pandemonium lord
 86867 | Pan      | Noticed Offu Zoi the pandemonium lord
 86920 | Pan      | Noticed Bunipn the pandemonium lord
 86935 | Pan      | Killed Bunipn the pandemonium lord
 86946 | Pan      | Gained mutation: You are vulnerable to cold. (rC-) [a
                  | cacodemon]
 86946 | Pan      | HP: 3/273 [demonspawn warmonger/+4 bardiche of freezing
                  | (29)]
 87225 | Pan      | Reached skill level 10 in Invocations
 87472 | Pan      | Noticed Ukkesat the pandemonium lord
 87485 | Pan      | Killed Ukkesat the pandemonium lord
 87519 | Pan      | Identified the +6 plate armour of Marbles {rElec Str-2
                  | Dex+6 Stlth+}
 87535 | Pan      | Got a demonic rune of Zot
 88055 | Pan      | Identified the +0 scale mail of Anarchy {Harm Fly MP-9}
 88265 | Pan      | Found an exit through the horrors of the Abyss.
 88289 | Pan      | Took an exit into the Abyss.
 88289 | Abyss:4  | Escaped into the Abyss
 88520 | Abyss:4  | Found a corrupted altar of Lugonu.
 88556 | Abyss:4  | Was forgiven by Gozag
 88617 | Depths:4 | Escaped the Abyss
 88773 | Zot:5    | Entered Level 5 of the Realm of Zot
 88916 | Zot:5    | Found a runed translucent gate.
 88918 | Zot:5    | Found a runed translucent gate.
 88918 | Zot:5    | Found an opulent altar of Gozag.
 88919 | Zot:5    | Found a runed translucent gate.
 88920 | Zot:5    | Noticed osuadh's ghost (master GrFi)
 89054 | Zot:5    | Found Zappek's Assorted Antiques.
 89054 | Zot:5    | Found Kiloebro's Assorted Antiques.
 89740 | Zot:5    | Noticed an orb of fire
 89754 | Zot:5    | Killed an orb of fire
 90236 | Zot:5    | Noticed an orb of fire
 90250 | Zot:5    | Gained mutation: You occasionally lose the ability to read
                  | scrolls when taking damage. [an orb of fire]
 90261 | Zot:5    | Gained mutation: You are frail. (-10% HP) [an orb of fire]
 90263 | Zot:5    | Killed an orb of fire
 90264 | Zot:5    | Lost mutation: You occasionally shout uncontrollably at
                  | your foes. [potion of mutation]
 90264 | Zot:5    | Lost mutation: You occasionally lose the ability to read
                  | scrolls when taking damage. [potion of mutation]
 90264 | Zot:5    | Lost mutation: You are dopey. (Int -2) [potion of mutation]
 90264 | Zot:5    | Gained mutation: Potions are less effective at restoring
                  | your health. [potion of mutation]
 90264 | Zot:5    | Gained mutation: You have razor-sharp toenails. [potion of
                  | mutation]
 90265 | Zot:5    | Lost mutation: You are vulnerable to cold. (rC-) [potion of
                  | mutation]
 90265 | Zot:5    | Lost mutation: You are vulnerable to heat. (rF-) [potion of
                  | mutation]
 90265 | Zot:5    | Lost mutation: You are frail. (-10% HP) [potion of
                  | mutation]
 90265 | Zot:5    | Lost mutation: You have razor-sharp toenails. [potion of
                  | mutation]
 90495 | Zot:5    | Noticed a dread lich
 90505 | Zot:5    | Killed a dread lich
 90549 | Zot:5    | Noticed an orb of fire
 90553 | Zot:5    | Gained mutation: You sometimes lose your temper in combat.
                  | [an orb of fire]
 90565 | Zot:5    | Gained mutation: You passively map a small area around you.
                  | [an orb of fire]
 90569 | Zot:5    | Killed an orb of fire
 90572 | Zot:5    | Lost mutation: You sometimes lose your temper in combat.
                  | [potion of mutation]
 90572 | Zot:5    | Lost mutation: You have sharp toenails. [potion of
                  | mutation]
 90572 | Zot:5    | Gained mutation: You possess an exceptional clarity of
                  | mind. [potion of mutation]
 90572 | Zot:5    | Lost mutation: You passively map a small area around you.
                  | [potion of mutation]
 90746 | Zot:5    | Noticed a dread lich
 90751 | Zot:5    | Noticed an orb of fire
 90756 | Zot:5    | Gained mutation: You occasionally lose the ability to read
                  | scrolls when taking damage. [an orb of fire]
 90757 | Zot:5    | Killed a dread lich
 90773 | Zot:5    | Killed an orb of fire
 91137 | Zot:5    | Noticed an orb of fire
 91141 | Zot:5    | Gained mutation: Armour fits poorly on your strangely
                  | shaped body. [an orb of fire]
 91149 | Zot:5    | Killed an orb of fire
 91150 | Zot:5    | Lost mutation: You possess an exceptional clarity of mind.
                  | [potion of mutation]
 91150 | Zot:5    | Lost mutation: You occasionally lose the ability to read
                  | scrolls when taking damage. [potion of mutation]
 91150 | Zot:5    | Gained mutation: You are frail. (-10% HP) [potion of
                  | mutation]
 91151 | Zot:5    | Lost mutation: Armour fits poorly on your strangely shaped
                  | body. [potion of mutation]
 91151 | Zot:5    | Lost mutation: Potions are less effective at restoring your
                  | health. [potion of mutation]
 91151 | Zot:5    | Lost mutation: You are frail. (-10% HP) [potion of
                  | mutation]
 91151 | Zot:5    | Gained mutation: Your spells are a little harder to cast,
                  | but a little more powerful. [potion of mutation]
 91151 | Zot:5    | Gained mutation: Your magical capacity is low. (-10% MP)
                  | [potion of mutation]
 91151 | Zot:5    | Gained mutation: You are partially covered in iridescent
                  | scales. (AC +2) [potion of mutation]
 91151 | Zot:5    | Gained mutation: You have a pair of large horns on your
                  | head. [potion of mutation]
 91663 | Zot:5    | Got the Orb of Zot
 91697 | Zot:4    | Noticed Zuycipn the pandemonium lord
 91816 | Depths:4 | Noticed Rong the pandemonium lord
 91836 | Depths:4 | Killed Rong the pandemonium lord
 91837 | Depths:4 | Reached skill level 27 in Dodging
 92286 | D:$      | Escaped with the Orb!

Illustrated notes

Levels and vault maps discovered:
D:1:      saegor_arrival_fortress, layout_basic, nicolae_titane
D:2:      layout_loops_ring, basic_altar, serial_shops, nicolae_shop_scrapyard,
          uniq_sigmund, uniq_robin
D:3:      layout_basic, st_stairs_11, minmay_tree_intersection
D:4:      layout_basic, nicolae_tso_swordbearing_angel,
          minmay_temple_entry_junction, gammafunk_ghost_smash, serial_shops,
          nicolae_shop_tiny_statue_garden
D:5:      layout_basic, serial_glass, glass_columns_c, glass_columns_b,
          glass_columns_a, glass_columns_a, glass_columns_b, glass_columns_c,
          glass_columns_a, glass_columns_a, grunt_decor_mini_mirrors
D:6:      layout_rooms, grunt_temple_overflow_order_and_chaos_2,
          mainiacjoe_overflow_surrounded_room, nzn_wu_jian_contemplation,
          serial_shops, nicolae_shop_trees, portal_sewer_entry_a,
          grunt_decor_fettered
D:7:      layout_loops_ring, st_stairs_8, minmay_misc_feat_tower,
          minmay_alternating_orb, uniq_duvessa, uniq_prince_ribbit1,
          uniq_jeremiah, uniq_maggie
D:8:      layout_basic, grunt_lair_entry_orc_guard_hut, enter_ossuary_3,
          uniq_joseph
D:9:      layout_cave_pods, nicolae_ru_awakened_eye, hiddenorc2_lemuel
D:10:     minmay_the_grid_plus [minmay_the_grid_diamond_grid,
          minmay_the_grid_mess, minmay_the_grid_broken_lines,
          minmay_the_grid_minigrid_small_alt,
          minmay_the_grid_prize_inner_circle], layout_rooms, uniq_lodul,
          uniq_erolcha, uniq_josephine
D:11:     layout_rooms, uniq_urug
D:12:     layout_small_grid
D:13:     layout_grid_maze, david_vaults_1, nicolae_lava_and_water,
          kennysheep_generic_room_12
D:14:     layout_basic, uniq_jorgrun
D:15:     hellmonk_depths_entry_around_the_bend, layout_irregular_city,
          nicolae_figureground_sparkle, uniq_rupert
Temple:   nicolae_temple_elliptical
Lair:1:   layout_regular_city
Lair:2:   layout_big_grid, nicolae_spider_entry_non_spiders, grunt_megastairs_3,
          serial_bayou_shore_b, serial_bayou_shore_a,
          infiniplex_staircase_pool_2, lemuel_fruit_fields, lemuel_fruit_fields,
          uniq_erica
Lair:3:   layout_roguey, shoals_dummy_entry, grunt_megastairs_1
Lair:4:   layout_long_grid, slime_entry_1, serial_bayou_shore_b,
          grunt_megastairs_4
Lair:5:   minmay_lair_end_enchanted_forest, layout_cave_shapes,
          gammafunk_ghost_ooze, grunt_megastairs_5
Shoals:1: layout_shoals, uniq_donald
Shoals:2: layout_shoals, nicolae_shoals_arrival_archipelago
Shoals:3: layout_shoals
Shoals:4: shoals_end_simple, layout_shoals, shoals_ilsuiw_ice, uniq_mlioglotl,
          uniq_roxanne, uniq_bai_suzhen
Spider:1: layout_spider_delve
Spider:2: layout_chambers, beargit_elvish_explorers, uniq_aizul
Spider:3: layout_spider_delve, nicolae_spider_scorpion_nest,
          hangedman_spider_tarantella_strand
Spider:4: spider_rune_water
Slime:1:  layout_caves
Slime:2:  layout_caves
Slime:3:  layout_caves
Slime:4:  layout_caves, nicolae_slime_barrier
Slime:5:  slime_pit_nicolae_jellycorners
Orc:1:    layout_caves, uniq_maurice
Orc:2:    st_orc_town, layout_diamond_mine
Elf:1:    eino_elf_arrival_altar, layout_geoelf_octagon,
          hangedman_elven_crosses_minicolossus, drop_trap
Elf:2:    elven_hall_of_blades_hangedman_original [nicolae_blade_lattice],
          layout_loops_ring, serial_shops, nicolae_shop_overgrown_old_shop,
          drop_trap, uniq_agnes, uniq_azrael, uniq_zenata, uniq_asterion
Elf:3:    grunt_elf_hall_branching, layout_geoelf_grid,
          nicolae_elf_big_sculpture_2, feat_on_display
Vaults:1: nicolae_vaults_sesquioval_fish, nicolae_vaults_three_branches,
          ontoclasm_vaults_ring_square, hangedman_vaults_stretched_pinwheel,
          nicolae_vaults_taking_the_gang_shopping, v_alt_pattern_2,
          vaults_room_semicircle, nicolae_vaults_puzzle_piece, v_misc_29,
          v_misc_14, nicolae_vaults_tetromino_Z_2,
          vaults_room_hangedman_quadrants, layout_vaults_maze_bifur
Vaults:2: hangedman_vaults_stagger, ontoclasm_vaults_ring_small,
          nicolae_vaults_diamond_2, nicolae_vaults_theta,
          ontoclasm_vaults_loading_screen, nicolae_vaults_shipping_containers_4,
          nicolae_vaults_spaceships, v_misc_24, v_pattern_5,
          nicolae_vaults_stepped_doors, hangedman_vaults_slither, v_misc_19,
          serial_ice_g, nicolae_vaults_trapezoid_2, layout_vaults_omnicross
Vaults:3: ontoclasm_vaults_loading_screen, nicolae_vaults_security_offices_5,
          nicolae_vaults_specimen_jars, nicolae_vaults_tetromino_L_1,
          nicolae_vaults_wine_cellar, layout_vaults_chaotic_city
Vaults:4: grunt_vaults_bifocal, v_misc_33, v_misc_24,
          nicolae_vaults_little_squares_1, nicolae_vaults_meiosis,
          vaults_dpeg_ring, nicolae_vaults_puzzle_piece,
          ontoclasm_vaults_shuriken, nicolae_vaults_trapezoid_3, v_misc_17,
          layout_vaults_omnigrid, serial_shops, statue_bzr, uniq_mara,
          uniq_frederick, uniq_sojobo
Vaults:5: uniq_saint_roka, uniq_mennas
Crypt:1:  layout_rooms, not_door_vault_due
Crypt:2:  layout_rooms
Crypt:3:  grunt_crypt_end_deaths_head
Depths:1: hangedman_screamer, layout_gridlike, enter_ziggurat_f,
          grunt_metal_band, lemuel_crystal_altar, rand_demon_pan_entry_7,
          gammafunk_ghost_icy, glass_columns_a, kennysheep_generic_room_16
Depths:2: evilmike_halls_of_destruction, layout_gridville,
          hangedman_tar_grid_catacomb, grunt_pan_entry_in_and_out,
          infiniplex_staircase_river, minmay_shoptagon
Depths:3: thingy_vault, layout_gridlike, enter_trove_1, hell_entry,
          nemelex_diamond_rough_becter, abyss_entry_glasseish, hex_medium
Depths:4: evilmike_zot_entry_hall, layout_gridlike, pan_entry, hellmouth_3,
          nicolae_gozag_zags_fifth_avenue, uniq_grunn
Hell
Zot:1:    kennysheep_blocky_room, layout_basic, grunt_ministairs_12, drop_trap,
          skrybe_zot_glass_2
Zot:2:    minmay_elemental_castle, layout_concentric_octagons,
          hangedman_zot_decor_checkerboard
Zot:3:    kennysheep_bubbly, layout_twisted_circle,
          kennysheep_underground_church
Zot:4:    layout_onion_interference, grunt_ministairs_7, serial_nicolae_subway,
          nicolae_sub_station_metal, nicolae_sub_station_crystal,
          nicolae_sub_station_stone, grunt_megastairs_2
Zot:5:    layout_gridlike, ebering_ghost_gozag

Skill      XL: |  1  2  3  4  5  6  7  8  9 10 11 12 13 14 15 16 17 18 19 20 21 22 23 24 25 26 27 |
---------------+----------------------------------------------------------------------------------+-----
Armour         | 1 2 4 6 7 9 11 15 17 19 20 21 22 23 24 25 27 | 27.0
Maces & Flails | 4 6 7 8 10 12 14 | 14.1
Fighting       | 7 10 11 14 16 17 18 19 21 23 24 27 | 27.0
Dodging        | 5 10 11 12 13 14 15 18 21 27 | 27.0
Polearms       | 12 14 18 19 | 19.5
Translocations | 5 7 |  7.0
Throwing       | 8 12 16 19 | 19.7
Evocations     | 3 5 14 18 | 18.0
Shields        | 7 15 18 22 | 22.3
Invocations    | 10 | 10.0
Spellcasting   | |  1.0
Fire Magic     | |  2.1

Action                     |  1- 3 |  4- 6 |  7- 9 | 10-12 | 13-15 | 16-18 | 19-21 | 22-24 | 25-27 || total
---------------------------+-------+-------+-------+-------+-------+-------+-------+-------+-------++-------
  Melee: Mace              |    18 |       |       |       |       |       |       |       |       ||    18
         Whip              |    52 |   131 |   343 |   377 |     6 |       |       |       |       ||   909
         Headbutt          |    10 |    14 |    61 |   187 |   397 |   532 |   494 |   649 |  1203 ||  3547
         Punch             |       |       |     6 |     6 |       |       |       |       |       ||    12
         Dire flail        |       |       |       |   518 |   662 |       |       |       |       ||  1180
         Unarmed           |       |       |       |     1 |       |       |       |       |     8 ||     9
         Trishula          |       |       |       |       |   841 |  1827 |  2144 |  2284 |  3639 || 10735
  Throw: Dart              |       |       |    14 |     6 |       |    17 |       |       |       ||    37
         Throwing net      |       |       |     1 |       |       |       |       |       |       ||     1
         Javelin           |       |       |       |       |       |     2 |    15 |    14 |    37 ||    68
   Cast: Blink             |       |       |       |       |       |     5 |       |     4 |     1 ||    10
         Lesser Beckoning  |       |       |       |       |       |       |       |       |     4 ||     4
 Invoke: Call Merchant     |       |       |       |       |       |       |     6 |       |     5 ||    11
         Potion Petition   |       |       |       |       |       |       |     3 |     2 |     1 ||     6
         Cleansing Flame   |       |       |       |       |       |       |       |       |     3 ||     3
  Evoke: Wand              |       |       |       |     7 |     5 |     5 |     1 |     4 |    12 ||    34
    Use: Scroll            |       |     4 |    10 |    14 |     7 |    14 |     7 |     6 |    10 ||    72
         Potion            |       |       |     2 |     3 |     4 |    14 |     2 |     5 |     9 ||    39
   Stab: Paralysed         |       |       |       |    13 |       |       |       |       |       ||    13
         Sleeping          |       |       |       |       |     1 |       |     4 |       |       ||     5
         Distracted        |       |       |       |       |     9 |    13 |    16 |    13 |     9 ||    60
         Petrified         |       |       |       |       |     3 |       |       |       |       ||     3
         Invisible         |       |       |       |       |       |       |     6 |    26 |    18 ||    50
 Armour: Robe              |    12 |     4 |       |       |       |       |       |       |       ||    16
         Scale mail        |       |    52 |    41 |       |       |       |       |       |       ||    93
         Chain mail        |       |       |    87 |   277 |   420 |   863 |   641 |       |       ||  2288
         Crystal plate arm |       |       |       |       |       |       |    28 |   827 |   630 ||  1485
         Gold dragon scale |       |       |       |       |       |       |       |       |   576 ||   576
         Skin              |       |       |       |       |       |       |       |       |     8 ||     8
  Dodge: Dodged            |    38 |    50 |    88 |   291 |   454 |   986 |   621 |   744 |  1668 ||  4940
  Block: Kite shield       |       |       |       |       |       |    74 |   918 |   912 |  2190 ||  4094

Table legend: (Time is in decaauts)
 A = Elapsed time spent in this place.
 B = Non-inter-level travel time spent in this place.
 C = Inter-level travel time spent in this place.
 D = Time resting spent in this place.
 E = Time spent auto-exploring this place.
 F = Levels seen in this place.
 G = Mean time per level.
                   A        B        C        D        E       F      G
               +--------+--------+--------+--------+--------+-----+--------+
         Total |  87428 |  76926 |  10502 |   9038 |  49921 |  73 | 1197.6 |
       Dungeon |  19064 |  14931 |   4133 |   1859 |  10125 |  15 | 1270.9 |
        Temple |     10 |      5 |      5 |      0 |      0 |   1 |   10.0 |
          Lair |   7564 |   6702 |    862 |    522 |   4662 |   5 | 1512.8 |
        Shoals |   6979 |   6420 |    559 |   1449 |   3683 |   4 | 1744.8 |
   Spider Nest |   6484 |   6042 |    442 |    447 |   4443 |   4 | 1621.0 |
    Slime Pits |   2266 |   2018 |    248 |     94 |   1264 |   5 |  453.2 |
  Orcish Mines |   3884 |   3269 |    615 |   1006 |   1489 |   2 | 1942.0 |
   Elven Halls |   4724 |   4230 |    494 |    536 |   2686 |   3 | 1574.7 |
        Vaults |  10391 |   9213 |   1178 |    640 |   6302 |   5 | 2078.2 |
         Crypt |   1907 |   1836 |     71 |      0 |   1343 |   3 |  635.7 |
        Depths |   9626 |   8251 |   1375 |   1145 |   5322 |   4 | 2406.5 |
          Hell |    572 |    570 |      2 |      0 |    387 |   1 |  572.0 |
           Zot |   8793 |   8282 |    511 |    754 |   5804 |   5 | 1758.6 |
         Abyss |   2081 |   2081 |      0 |      0 |    956 |   6 |  346.8 |
   Pandemonium |   2217 |   2217 |      0 |    581 |    889 |   6 |  369.5 |
        Bazaar |    118 |    118 |      0 |      0 |     37 |   1 |  118.0 |
         Trove |     75 |     75 |      0 |      0 |     48 |   1 |   75.0 |
         Sewer |    473 |    473 |      0 |      0 |    350 |   1 |  473.0 |
       Ossuary |    191 |    191 |      0 |      0 |    130 |   1 |  191.0 |
               +--------+--------+--------+--------+--------+-----+--------+

Top non-repeatable levels by time:
Depths:4: 3378 daAuts
Shoals:3: 2973 daAuts
Vaults:4: 2871 daAuts
Spider:2: 2693 daAuts
   Zot:5: 2548 daAuts
   Orc:2: 2459 daAuts
     D:9: 2424 daAuts
Depths:3: 2343 daAuts
Vaults:5: 2339 daAuts
    D:13: 2331 daAuts
Depths:1: 1985 daAuts
Depths:2: 1919 daAuts
Vaults:2: 1867 daAuts
   Zot:2: 1825 daAuts
     D:6: 1799 daAuts
